 Dungeon Crawl Stone Soup version 0.30-a0-1160-g6e42c06551 (webtiles) character file.

Game seed: 7180627735573962290

32 lunkers the Gusty (level 3, -1/26 HPs)
             Began as a Meteoran Air Elementalist on Apr 25, 2023.
             Slain by a quokka (5 damage)
             ... on level 2 of the Dungeon.
             The game lasted 00:02:03 (274 turns).

lunkers the Gusty (Meteoran Air Elementalist)        Turns: 274, Time: 00:02:04

Health: -1/26      AC:  2    Str:  9    XL:     3   Next: 67%
Magic:  1/8        EV: 12    Int: 19    God:
Gold:   21         SH:  0    Dex: 14    Spells: 2/8 levels left

rFire   . . .        (no weapon)
rCold   . . .        (no shield)
rNeg    . . .        a - +0 robe
rPois   .            (no helmet)
rElec   .            (no cloak)
rCorr   .            (no gloves)
SInv    .            (no boots)
Will    .....        (no amulet)
Stlth   +            (no ring)
HPRegen 0.24/turn    (no ring)
MPRegen 0.11/turn

%: no passive effects
@: glowing
A: sense surroundings 1, otherworldly, glowing, explore regen
a: no special abilities


You were on level 2 of the Dungeon.
You visited 1 branch of the dungeon, and saw 2 of its levels.

You collected 21 gold pieces.

Inventory:

Missiles
 c - 2 throwing nets
Armour
 a - a +0 robe (worn)
Scrolls
 d - a scroll of teleportation {unknown}
 f - 2 scrolls of identify {unknown}
Potions
 b - a potion of magic
 e - a potion of heal wounds {unknown}
 g - a potion of might {unknown}
 h - a potion of berserk rage {unknown}


   Skills:
 - Level 2.4 Dodging
 - Level 1.4 Stealth
 + Level 3.4 Spellcasting
 - Level 1.2 Conjurations
 * Level 4.7 Air Magic


You had 2 spell levels left.
You knew the following spells:

 Your Spells              Type           Power      Damage    Failure   Level
a - Shock                 Conj/Air       56%        1d6       4%          1
b - Static Discharge      Conj/Air       28%        2-4/arc   6%          2
c - Swiftness             Air            21%        N/A       6%          3

Your spell library contained the following spells:

 Spells                   Type           Power      Damage    Failure   Level
 Airstrike                Air            10%        2d(2-18)  21%         4


Dungeon Overview and Level Annotations

Branches:
Dungeon (2/15) Zot: 926

Altars:

Annotations:
D:2 Sigmund


Innate Abilities, Weirdness & Mutations

You passively map a small area around you.
You are easily found by Zot.
You glow in the dark.
You regain HP and MP as you explore.


Message History

* * * LOW HITPOINT WARNING * * *
Casting: Shock (safe; 4% risk of failure)
Confirm with . or Enter, or press ? or * to list all spells.
The spell is quite dangerous to miscast (6% risk of failure)!
Continue anyway?
Okay, then.
Unknown command.
Unknown command.
Casting: Swiftness (quite dangerous; 6% risk of failure)
Confirm with . or Enter, or press ? or * to list all spells.
The spell is quite dangerous to miscast (6% risk of failure)!
Continue anyway?
Okay, then.
Casting: Swiftness (quite dangerous; 6% risk of failure)
Confirm with . or Enter, or press ? or * to list all spells.
The quokka is struck by an arc of lightning.
The quokka is heavily wounded.
The quokka is struck by an arc of lightning.
You kill the quokka!
The lightning grounds out.
* * * LOW MAGIC WARNING * * *
The frilled lizard bites you.
* * * LOW HITPOINT WARNING * * *
The quokka bites you.
* * * LOW HITPOINT WARNING * * *
Adjust (i)tems, (s)pells, or (a)bilities?
Adjust which spell? b - Swiftness Adjust to which letter? c - Swiftness Adjust (i)tems, (s)pells, or (a)bilities?
Adjust which spell? p - Static Discharge Adjust to which letter? b - Static Discharge The quokka bites you.
* * * LOW HITPOINT WARNING * * *
The frilled lizard attacks as you move away!
The frilled lizard bites you.
* * * LOW HITPOINT WARNING * * *
The quokka attacks as you move away! The quokka bites you.
You die...

[......).#.#####..####.#.#
, ..................#
#.#.# *
>......<..........# ##.#.#
....#.###.....†...###..#.#
,
....#.###...........#.#..#
................#.#.#.##
** #..#..............#.# *
**#....l.......###.#.#
##...r@......###.#.#
###.#.........##..#.#
*,#...#########.##.##.#
*#...### #....##.# #.....
* ###..#..# * , #.....?
###..## * .....†..# ####
.#........ , * .
#.........


You could see a quokka and a frilled lizard.

Vanquished Creatures
  An adder (D:2)
  A dart slug (D:1)
  3 endoplasms
  3 giant cockroaches
  3 hobgoblins
  A quokka (D:2)
  2 ball pythons (D:1)
  2 bats (D:1)
  2 frilled lizards (D:1)
  A kobold (D:1)
  3 rats
22 creatures vanquished.

Notes
Turn   | Place    | Note
-------+----------+-------------------------------------------
     0 | D:1      | lunkers the Meteoran Air Elementalist began the quest for
                  | the Orb.
     0 | D:1      | Reached XP level 1. HP: 14/14 MP: 5/5
    71 | D:1      | Reached skill level 4 in Air Magic
    71 | D:1      | Reached XP level 2. HP: 16/20 MP: 3/6
    79 | D:1      | Learned a level 2 spell: Static Discharge
   161 | D:2      | Noticed Sigmund
   197 | D:2      | Reached XP level 3. HP: 26/26 MP: 2/8
   201 | D:2      | Learned a level 3 spell: Swiftness
   274 | D:2      | Slain by a quokka

Illustrated notes

Levels and vault maps discovered:
D:1:      lemuel_arrival_hallway, layout_basic, hex_intersection, st_stairs_8
D:2:      layout_rooms, chequers_ecumenical_altar_island, uniq_sigmund

Skill      XL: |  1  2 |
---------------+-------+-----
Air Magic      | 4 |  4.7
Spellcasting   | 3 |  3.4
Dodging        | |  2.4
Stealth        | |  1.4
Conjurations   | |  1.2

Action                     || total
---------------------------++-------
  Melee: Unarmed           ||     3
   Cast: Shock             ||    38
         Static Discharge  ||     1
 Armour: Robe              ||     3
  Dodge: Dodged            ||     9

Table legend: (Time is in decaauts)
 A = Elapsed time spent in this place.
 B = Non-inter-level travel time spent in this place.
 C = Inter-level travel time spent in this place.
 D = Time resting spent in this place.
 E = Time spent auto-exploring this place.
 F = Levels seen in this place.
 G = Mean time per level.
                   A        B        C        D        E       F      G
               +--------+--------+--------+--------+--------+-----+--------+
         Total |    274 |    274 |      0 |      0 |    143 |   2 |  137.0 |
       Dungeon |    274 |    274 |      0 |      0 |    143 |   2 |  137.0 |
               +--------+--------+--------+--------+--------+-----+--------+

Top non-repeatable levels by time:
     D:1: 171 daAuts
     D:2: 102 daAuts
